 Seeded DCSS version 0.29-a0-72-g1732ff48e7 (webtiles) character file.

Game seed: 10000000000011 (custom seed)

2145 knot the Cleaver (level 9, -2/63 HPs)
             Began as a Demonspawn Berserker on Feb 3, 2022.
             Was a Believer of Trog.
             Slain by an unseen horror (8 damage)
             ... on level 5 of the Dungeon.
             The game lasted 00:08:07 (6231 turns).

knot the Cleaver (Demonspawn Berserker)             Turns: 6231, Time: 00:08:07

Health: -2/63      AC:  2    Str: 17    XL:     9   Next: 9%
Magic:  0/9        EV: 12    Int: 12    God:    Trog [**....]
Gold:   304        SH:  5    Dex: 14    Spells: 8/8 levels left

rFire   . . .      SeeInvis .   a - +0 hand axe
rCold   . . .      Faith    .   (no shield)
rNeg    . . .      Spirit   +   b - +0 animal skin
rPois   .          Reflect  +   (no helmet)
rElec   .          Harm     .   (no cloak)
rCorr   .          Rampage  .   (gloves unavailable)
Will    .....                   (no boots)
Stlth   +.........              d - amulet of reflection
HPRegen 0.20/turn               (no ring)
MPRegen 0.22/turn               (no ring)

@: on berserk cooldown, slowed, very slow
A: powered by death 1, magic shield, magic regeneration, demonic touch 3
a: Renounce Religion, Berserk, Trog's Hand


You were on level 5 of the Dungeon.
You worshipped Trog.
Trog was pleased with you.
You visited 1 branch of the dungeon, and saw 7 of its levels.

You collected 304 gold pieces.

Inventory:

Hand Weapons
 a - a +0 hand axe (weapon)
Missiles
 f - 129 stones (quivered)
 i - 22 sling bullets
 p - 7 boomerangs
 u - 5 poisoned darts
 w - a curare-tipped dart
Armour
 b - a +0 animal skin (worn)
 r - a +2 robe of fire resistance
Jewellery
 d - an amulet of reflection (around neck)
Wands
 j - a wand of iceblast (8)
 n - a wand of polymorph (5)
 q - a wand of flame (26)
 s - a wand of charming (1)
Scrolls
 c - a scroll of amnesia {unknown}
 h - 3 scrolls of identify {unknown}
 m - 2 scrolls of blinking {unknown}
 o - a scroll of fog {unknown}
 t - 2 scrolls of teleportation {unknown}
Potions
 e - 2 potions of curing {unknown}
 g - a potion of lignification {unknown}
 v - 2 potions of resistance {unknown}


   Skills:
 - Level 3.0 Fighting
 * Level 9.0 Axes
 * Level 6.9 Throwing
 - Level 1.7 Armour
 - Level 1.7 Dodging


You had 8 spell levels left.
You didn't know any spells.
Your spell library contained the following spells:

 Spells                   Type           Power      Damage    Failure   Level
 Corpse Rot               Necr/Air       0%         N/A       45%         2
 Ensorcelled Hibernation  Hex/Ice        0%         N/A       45%         2
 Passwall                 Tmut/Erth      0%         N/A       45%         2
 Poisonous Vapours        Pois/Air       0%         N/A       45%         2
 Swiftness                Air            0%         N/A       69%         3
 Tukima's Dance           Hex            0%         N/A       69%         3
 Anguish                  Hex/Necr       0%         N/A       97%         4
 Enfeeble                 Hex            0%         N/A       100%        7


Dungeon Overview and Level Annotations

Branches:
Dungeon (7/15)             Temple (0/1) D:4

Altars:
Elyvilon
Nemelex Xobeh
Okawaru
Ru
Uskayaw
Wu Jian
Xom

Shops:
D:3 [


Innate Abilities, Weirdness & Mutations

You regenerate a little health from kills.
When hurt, damage is shared between your health and your magic reserves.
You regenerate magic rapidly.
Your touch may irresistibly damage your foes and sap their willpower.


Message History

The white imp misses you.
You barely miss the white imp. You hit something.
Something hits you but does no damage. The white imp gestures at you.
The puff of frost hits you.
You hit the white imp but do no damage. Something hits you but does no damage.
The white imp hits you but does no damage.
You closely miss the white imp. Something hits you.
The white imp gestures at you. The puff of frost hits you!
You hit the white imp.
The white imp is heavily wounded.
You closely miss something. Something hits you.
A red film seems to cover your vision as you go berserk!
You feel yourself moving faster!
You feel mighty! Something hits you.
The white imp shouts, "Scamper hence, thou warped miscreant simpleton!"
The white imp gestures at you. The puff of frost misses you.
You barely miss the white imp.
The white imp is heavily wounded.
You block the white imp's attack. Something hits you but does no damage.
You closely miss the white imp.
The white imp is heavily wounded.
You closely miss something. Something hits you.
You slash the white imp!
You kill the white imp!
Trog accepts your kill.
You miss something. Something hits you!
* * * LOW HITPOINT WARNING * * *
You miss something. Your touch misses something. You block something's attack.
You block something's attack.
You closely miss something. Something hits you!
* * * LOW HITPOINT WARNING * * *
Something hits you!
* * * LOW HITPOINT WARNING * * *
You feel a strong urge to attack something.
You are no longer berserk.
You are exhausted.
You feel yourself slow down. Something hits you!
You die...

#.##................# #.# #...
#.#####.####.#......# #.# ##.≈≈
#.....).##.....###..###>###.#≈≈
##########.###.##............##
#.# #......###......##
#.###...............#.
#.....####..##.......#
###.....(...##......##
#..@#####.##.##.### #...#
#.##.##.# # #...# #.##.##.# .
#...#####.##.##.# .
....................###.
..............###.#.....
..............###.#†###.
.####...#####.##..#.# . #...#
#.......#.# .


There were no monsters in sight!

Vanquished Creatures
  Joseph (D:7)
  A kobold demonologist (D:5)
  A black bear (D:5)
  An ice beast (D:7)
  3 ogres
  A kobold brigand (D:7)
  5 scorpions
  2 wyvern zombies (D:7)
  A wyvern skeleton (D:7)
  Dowan (D:4)
  5 wights (D:7)
  A centaur zombie (D:5)
  An orc priest (D:4)
  A hound (D:5)
  2 centaur skeletons
  A bullfrog skeleton (D:6)
  Ijyb (D:4)
  An orc wizard (D:7)
  A scorpion zombie (D:5)
  7 adders
  A shadow imp (D:7)
  A white imp (D:5)
  9 orcs
  6 endoplasms
  2 giant cockroaches
  5 goblins
  5 hobgoblins
  14 jackals
  A quokka (D:4)
  4 ball pythons
  7 bats
  5 frilled lizards
  7 kobolds
  5 rats
110 creatures vanquished.

Notes
Turn   | Place    | Note
-------+----------+-------------------------------------------
     0 | D:1      | knot the Demonspawn Berserker began the quest for the Orb.
     0 | D:1      | Reached XP level 1. HP: 18/18 MP: 1/1
   107 | D:1      | Reached skill level 3 in Axes
   342 | D:1      | Gained mutation: You regenerate magic rapidly. [demonic
                  | ancestry]
   342 | D:1      | Reached XP level 2. HP: 16/24 MP: 2/2
  1310 | D:2      | Reached skill level 4 in Axes
  1310 | D:2      | Gained mutation: Your touch may inflict minor irresistible
                  | damage on your foes. [demonic ancestry]
  1310 | D:2      | Reached XP level 3. HP: 29/29 MP: 3/3
  1601 | D:2      | Reached XP level 4. HP: 35/35 MP: 4/4
  1603 | D:2      | Reached ** piety under Trog
  1979 | D:3      | Noticed an ogre
  1998 | D:3      | Killed an ogre
  1999 | D:3      | Reached skill level 5 in Axes
  1999 | D:3      | Reached XP level 5. HP: 14/41 MP: 5/5
  2244 | D:3      | Found Daocsar's Antique Armour Emporium.
  2807 | D:4      | Reached skill level 1 in Throwing
  2851 | D:4      | Found a staircase to the Ecumenical Temple.
  2863 | D:4      | Noticed Duvessa
  2863 | D:4      | Noticed Dowan
  2898 | D:4      | Noticed Duvessa
  2898 | D:4      | Duvessa changed into Duvessa the scorpion
  2904 | D:4      | Gained mutation: Your touch may inflict irresistible damage
                  | on your foes. [demonic ancestry]
  2904 | D:4      | Reached XP level 6. HP: 47/47 MP: 6/6
  2906 | D:4      | Killed Duvessa the scorpion
  2907 | D:4      | Reached skill level 6 in Axes
  2912 | D:4      | Killed Dowan
  3319 | D:4      | Noticed Ijyb
  3336 | D:4      | Killed Ijyb
  3933 | D:5      | Entered Level 5 of the Dungeon
  3942 | D:5      | Noticed a kobold demonologist
  4054 | D:5      | Killed a kobold demonologist
  4055 | D:5      | Gained mutation: When hurt, damage is shared between your
                  | health and your magic reserves. [demonic ancestry]
  4055 | D:5      | Reached XP level 7. HP: 52/52 MP: 7/7
  4199 | D:5      | Reached skill level 7 in Axes
  4375 | D:5      | You fall into a shaft and drop 2 floors!
  4734 | D:7      | Found a sacrificial altar of Ru.
  4978 | D:7      | Gained mutation: You regenerate a little health from kills.
                  | [demonic ancestry]
  4978 | D:7      | Reached XP level 8. HP: 56/58 MP: 4/8
  4979 | D:7      | Reached skill level 5 in Throwing
  5035 | D:6      | Found an iron altar of Okawaru.
  5035 | D:6      | Found a sparkling altar of Nemelex Xobeh.
  5035 | D:6      | Found a shimmering altar of Xom.
  5038 | D:6      | Found an ornate altar of the Wu Jian Council.
  5156 | D:7      | Reached skill level 8 in Axes
  5406 | D:7      | Noticed Joseph
  5422 | D:7      | Killed Joseph
  5849 | D:5      | Gained mutation: Your touch may irresistibly damage your
                  | foes and sap their willpower. [demonic ancestry]
  5849 | D:5      | Reached XP level 9. HP: 63/63 MP: 9/9
  5969 | D:5      | Found a hide-covered altar of Uskayaw.
  6113 | D:5      | Reached skill level 9 in Axes
  6231 | D:5      | Slain by an unseen horror

Illustrated notes

Levels and vault maps discovered:
D:1:      lordsloth_arrival_two_stooges, layout_basic, grunt_decor_fettered,
          minmay_misc_feat_diagonals, nicolae_concentric_dashed_squares_wild
D:2:      layout_rooms, hangedman_decor_clover_reticule
D:3:      layout_basic, serial_shops, shop, kennysheep_path_1
D:4:      layout_rooms, temple_doors_e, uniq_duvessa, uniq_ijyb
D:5:      layout_loops_cross, nicolae_uskayaw_suspiria, item_on_display_a
D:6:      layout_rooms, nicolae_overflow_hidden_temple, grunt_ministairs_6
D:7:      layout_loops_ring, nicolae_ru_awakened_eye, palyth_stone_intersect,
          minmay_misc_feat_alley, minivault_27, uniq_joseph

Skill      XL: |  1  2  3  4  5  6  7  8  9 |
---------------+----------------------------+-----
Axes           | 3 4 5 6 7 8 9 |  9.0
Throwing       | 1 3 4 6 |  6.9
Fighting       | |  3.0
Armour         | |  1.7
Dodging        | |  1.7

Action                   |  1- 3 |  4- 6 |  7- 9 || total
-------------------------+-------+-------+-------++-------
Melee: Hand axe          |   107 |    89 |   134 ||   330
       Punch             |     2 |     2 |     4 ||     8
       Touch             |     2 |    16 |    28 ||    46
Throw: Stone             |     1 |     1 |     3 ||     5
       Dart              |       |     5 |     7 ||    12
       Boomerang         |       |       |     6 ||     6
Invok: Berserk           |     3 |     5 |    11 ||    19
       Trog's Hand       |       |     1 |       ||     1
Evoke: Wand              |       |     3 |       ||     3
  Use: Potion            |       |       |     3 ||     3
 Stab: Sleeping          |       |     1 |       ||     1
       Distracted        |       |       |     1 ||     1
Armor: Animal skin       |    18 |     5 |    17 ||    40
Dodge: Dodged            |    87 |    42 |    65 ||   194
Block: Other             |    24 |    22 |    30 ||    76
       Reflection        |       |     2 |       ||     2

Table legend: (Time is in decaauts)
 A = Elapsed time spent in this place.
 B = Non-inter-level travel time spent in this place.
 C = Inter-level travel time spent in this place.
 D = Time resting spent in this place.
 E = Time spent auto-exploring this place.
 F = Levels seen in this place.
 G = Mean time per level.
                   A        B        C        D        E       F      G
               +--------+--------+--------+--------+--------+-----+--------+
         Total |   6386 |   6322 |     64 |   2498 |   2963 |   7 |  912.3 |
       Dungeon |   6386 |   6322 |     64 |   2498 |   2963 |   7 |  912.3 |
               +--------+--------+--------+--------+--------+-----+--------+

Top non-repeatable levels by time:
     D:1: 1322 daAuts
     D:3: 1285 daAuts
     D:7: 1241 daAuts
     D:5: 855 daAuts
     D:4: 818 daAuts
     D:2: 578 daAuts
     D:6: 284 daAuts
